 Dungeon Crawl Stone Soup version 0.28-b1-70-g80dc712255 (webtiles) character file.

Game seed: 17609446611623082213

25 adizb the Ruffian (level 2, -1/25 HPs)
             Began as a Minotaur Gladiator on Feb 3, 2022.
             Slain by Terence (2 damage)
             ... on level 2 of the Dungeon.
             The game lasted 00:03:32 (594 turns).

adizb the Ruffian (Minotaur Gladiator)               Turns: 594, Time: 00:03:32

Health: -1/25      AC:  6    Str: 18    XL:     2   Next: 86%
Magic:  1/1        EV: 10    Int:  5    God:
Gold:   21         SH:  0    Dex: 11    Spells: 1/1 levels left

rFire   . . .      SeeInvis .     - Unarmed
rCold   . . .      Faith    .   (no shield)
rNeg    . . .      Spirit   .   i - +0 scale mail
rPois   .          Reflect  .   b - +0 hat
rElec   .          Harm     .   (no cloak)
rCorr   .          Rampage  .   (no gloves)
Will    .....                   (no boots)
Stlth   ..........              (no amulet)
HPRegen 0.08/turn               (no ring)
MPRegen 0.07/turn               (no ring)

@: attractive
A: horns 2, retaliatory headbutt
a: no special abilities


You were on level 2 of the Dungeon.
You visited 1 branch of the dungeon, and saw 2 of its levels.

You collected 21 gold pieces.

Inventory:

Missiles
 c - 3 throwing nets (quivered)
Armour
 b - a +0 hat (worn)
 i - a +0 scale mail (worn)
Jewellery
 j - a ring of wizardry
Scrolls
 a - a scroll of holy word {unknown}
 d - 2 scrolls of identify {unknown}
 f - a scroll of vulnerability {unknown}
Potions
 e - a potion of heal wounds {unknown}
 g - a potion of attraction
 h - a potion of curing {unknown}


   Skills:
 + Level 2.7 Fighting
 + Level 2.3 Throwing
 + Level 1.0 Armour
 + Level 3.4 Dodging
 * Level 3.8 Unarmed Combat


You had one spell level left.
You didn't know any spells.
Your spell library was empty.

Dungeon Overview and Level Annotations

Branches:
Dungeon (2/15)

Altars:

Annotations:
D:2 Terence


Innate Abilities, Weirdness & Mutations

You have a pair of horns on your head.
You reflexively headbutt those who attack you in melee.


Message History

You hit the kobold.
You kill the kobold!
A hobgoblin comes into view.
The hobgoblin shouts!
You barely miss the hobgoblin.
The hobgoblin hits you but does no damage.
You hit the hobgoblin but do no damage. You headbutt the hobgoblin.
You kill the hobgoblin!
Your Armour skill increases to level 1!
An endoplasm comes into view.
The endoplasm quivers.
You hit the endoplasm.
The endoplasm is heavily wounded.
The endoplasm hits you but does no damage.
You hit the endoplasm. You headbutt the endoplasm.
You kill the endoplasm!
A bat comes into view.
The bat hits you. The bat barely misses you.
You hit the bat.
You kill the bat!
Sorry, I don't know how to traverse that place.
Terence the Incautious comes into view.
He is wielding a +2 hand axe of freezing.
Terence shouts!
Terence hits you with a +2 hand axe of freezing.
Terence freezes you.
You barely miss Terence. You headbutt Terence, but do no damage.
Terence looks scornfully at you.
Terence hits you with a +2 hand axe of freezing.
Terence freezes you.
Okay, then.
It was a potion of attraction.
You feel attractive to monsters.
Terence hits you with a +2 hand axe of freezing.
Terence freezes you.
* * * LOW HITPOINT WARNING * * *
You hit Terence but do no damage.
Terence hits you with a +2 hand axe of freezing.
* * * LOW HITPOINT WARNING * * *
Terence freezes you.
You die...

####........#
.....#.######
######.# ##### #.#
##≈≈≈≈## ######.#
#.≈....# .......#
#####.≈≈≈≈.#
#####..###.....###..#
#####...##.###.###.#
..##.....#.# ##.@@#
...##...##.# ##.##
...........# #.#
.......##### #.#
######.# #.# #+# #.#
#.# #..


You could see Terence.

Vanquished Creatures
  An adder (D:2)
  2 endoplasms
  A giant cockroach (D:1)
  2 hobgoblins
  A quokka (D:1)
  2 bats (D:2)
  2 frilled lizards
  2 kobolds
  4 rats
17 creatures vanquished.

Notes
Turn   | Place    | Note
-------+----------+-------------------------------------------
     0 | D:1      | adizb the Minotaur Gladiator began the quest for the Orb.
     0 | D:1      | Reached XP level 1. HP: 18/18 MP: 0/0
   299 | D:1      | Reached XP level 2. HP: 20/25 MP: 1/1
   578 | D:2      | Reached skill level 1 in Armour
   590 | D:2      | Noticed Terence
   594 | D:2      | HP: 1/25 [Terence (6)]
   594 | D:2      | Slain by Terence

Illustrated notes

Levels and vault maps discovered:
D:1:      nicolae_arrival_washed_ashore, layout_rooms, minmay_distorted
D:2:      layout_loops_corners, basic_altar, chequers_serial_rivers_micro_d,
          grunt_ministairs_8, nicolae_elevator_lobby_plus, uniq_terence,
          uniq_crazy_yiuf_cottage

Skill      XL: |  1  2 |
---------------+-------+-----
Armour         | 1 |  1.0
Fighting       | |  2.7
Throwing       | |  2.3
Dodging        | |  3.4
Unarmed Combat | |  3.8

Action                   || total
-------------------------++-------
Melee: Unarmed           ||    41
       Headbutt          ||     8
  Use: Potion            ||     1
Armor: Leather armour    ||     1
       Scale mail        ||     7
Dodge: Dodged            ||    17
